AoeStats
← RIP

Baltic

510646916Analyzed
2v2 RM · 16d ago on Oct 2, 2026· 40m 29s· 4 players
Game mode
Random Map
Map size
Medium (4 player)
Population
200
Speed
Normal
Resources
Standard
Victory
Conquest
Starting age
Dark Age
Ending age
Imperial Age
RankedLock teamsTeams togetherTeam positionsShared explorationLock speedFull tech treeHidden civsTurbo modeCheats
Victory
Defeat
🇨🇴 Varangians · Colombia
826
+14
🇨🇴 Danes · Colombia
825
+15
vs
🇵🇪 Cumans · Peru
798
-15
🇵🇪 Sicilians · Peru
788
-14
Xi
0:46 Loom
15:26 Feudal Age
16:57 Wheelbarrow
16:05 Horse Collar
16:13 Double-Bit Axe
23:45 Man-at-Arms
25:16 Scale Mail Armor
33:51 Castle Age
34:17 Pikeman
36:16 Stone Mining
36:20 Gold Mining
36:39 Long Swordsman
37:46 Heavy Plow
39:40 Hand Cart
RIP
12:15 Feudal Age
12:52 Double-Bit Axe
12:50 Horse Collar
23:38 Castle Age
25:30 Gold Mining
25:57 Bow Saw
25:50 Heavy Plow
28:55 Squires
28:16 Pikeman
29:34 Stone Mining
juliandavid3907
0:27 Loom
10:57 Feudal Age
11:51 Double-Bit Axe
18:15 Castle Age
22:25 Wheelbarrow
21:43 Town Watch
23:37 Scale Barding Armor
23:35 Stone Mining
24:21 Fishing Lines
25:02 Bloodlines
25:49 Horse Collar
27:20 Forging
27:45 Hand Cart
28:21 Heavy Plow
29:27 Town Patrol
30:39 Bow Saw
30:32 Husbandry
30:56 Gillnets
32:09 Chain Barding Armor
31:54 Gold Mining
37:37 Imperial Age
37:41 Fletching
38:30 Iron Casting
40:23 Plate Barding Armor
deivyrestrepopalacio
0:36 Loom
13:23 Feudal Age
16:08 Town Watch
16:46 Double-Bit Axe
24:08 Castle Age
24:35 Arson
24:52 Squires
26:59 Wheelbarrow
26:37 Gold Mining
33:35 Gold Shaft Mining
32:54 Stone Mining
34:44 Fishing Lines
38:23 Imperial Age
40:05 Chemistry
39:03 Murder Holes
39:44 Elite Longship
Connection lost

Rejoining the realm…

Still unreachable

The connection could not be restored.

Session expired

The server has moved on; the page needs a fresh start.